 Dungeon Crawl Stone Soup version 0.17.0-73-gb648821 (webtiles) character file.

196 dohliylev the Stinger (level 5, -5/28 HPs)
             Began as a Gargoyle Venom Mage on Dec 9, 2015.
             Killed from afar by an orc wizard (8 damage)
             ... with a puff of flame
             ... on level 3 of the Dungeon on Dec 10, 2015.
             The game lasted 00:24:13 (3520 turns).

dohliylev the Stinger (Gargoyle Venom Mage)         Turns: 3520, Time: 00:24:13

Health: -5/28      AC:  8    Str: 12    XL:     5   Next: 75%
Magic:  2/9        EV: 12    Int: 16    God:
Gold:   99         SH:  0    Dex: 10    Spells: 3 memorised, 2 levels left

rFire  . . .     SeeInvis .     (no weapon)
rCold  . . .     Clarity  .     a - +0 robe
rNeg   + . .     SustAt   .     (no shield)
rPois  ∞         Gourm    .     (no helmet)
rElec  +         Spirit   .     s - +0 cloak
rCorr  .         Warding  .     (no gloves)
rMut   .         Rnd*Tele +     j - +0 pair of boots
MR     .....                    k - amulet of faith
Stlth  ++........               (no ring)
                                l - ring of teleportation (curse)

@: not resistant to hostile enchantments, unstealthy
A: negative energy resistance 1, electricity resistance, unbreathing,
petrification resistance, rot immunity, AC +4
a: Evoke Teleportation


You were on level 3 of the Dungeon.
You were not hungry.

You visited 1 branch of the dungeon, and saw 3 of its levels.

You collected 99 gold pieces.

Inventory:

Armour
 a - a +0 robe (worn)
 j - a +0 pair of boots (worn)
 s - a +0 cloak (worn)
Jewellery
 k - an amulet of faith (around neck)
 l - a cursed ring of teleportation (left hand)
Wands
 q - a wand of flame (31)
 t - a wand of slowing (36)
Scrolls
 d - a scroll of random uselessness {unknown}
 g - 4 scrolls of identify {unknown}
 h - 2 scrolls of fear {unknown}
Potions
 e - a potion of invisibility {unknown}
 f - 2 potions of haste
 m - a potion of magic {unknown}
 n - a potion of flight {unknown}
 o - a potion of heal wounds {unknown}
 p - a potion of resistance {unknown}
Books
 b - a Young Poisoner's Handbook

   Spells                             Type                      Level
   a - Sting                          Conjuration/Poison           1
   b - Cure Poison                    Poison                       2
   c - Mephitic Cloud                 Conjuration/Poison/Air       3
   d - Olgreb's Toxic Radiance        Poison                       4
   e - Venom Bolt                     Conjuration/Poison           5
 u - a Necronomicon

   Spells                             Type                      Level
   a - Haunt                          Necromancy/Summoning         7
   b - Borgnjor's Revivification      Necromancy                   8
   c - Death's Door                   Charms/Necromancy            8
   d - Necromutation                  Transmutation/Necromancy     8
Comestibles
 c - 4 bread rations
 i - a meat ration
 r - 2 chunks of flesh


   Skills:
 + Level 0.4 Fighting
 - Level 2.4 Dodging
 - Level 2.4 Stealth
 + Level 0.4 Unarmed Combat
 + Level 3.2 Spellcasting
 + Level 2.0 Conjurations
 + Level 0.1 Air Magic
 + Level 4.9 Poison Magic


You had 2 spell levels left.
You knew the following spells:

 Your Spells              Type           Power        Failure   Level  Hunger
a - Sting                 Conj/Pois      ##..         6%          1    None
b - Mephitic Cloud        Conj/Pois/Air  ##......     21%         3    ###....
c - Olgreb's Toxic Radia  Pois           ###.....     28%         4    ####...


Dungeon Overview and Level Annotations

Branches:
Dungeon (3/15)

Altars:
Cheibriados
Xom


Innate Abilities, Weirdness & Mutations

You are resistant to torment.
Your stone body is resilient (AC +4).
You are immune to poison.
You resist negative energy.
You are resistant to electric shocks.
You can survive without breathing.
You are immune to petrification.
You are immune to rotting.


Message History

The puff of flame hits you!
The orc wizard gestures at you while chanting.
The puff of frost hits you!
* * * LOW HITPOINT WARNING * * *
Casting: Sting
Confirm with . or Enter, or press ? or * to list all spells.
Aiming: Sting
Press: ? - help, Shift-Dir - straight line, f - orc wizard
Aim: an orc wizard, wielding a dagger and wearing a robe (heavily wounded)
The sting misses the orc wizard.
The orc wizard casts a spell at you. The puff of flame misses you.
The orc wizard casts a spell at you. The puff of frost hits you!
* * * LOW HITPOINT WARNING * * *
You don't have enough magic at the moment.
You don't have enough magic at the moment.
The orc wizard points at you and mumbles some strange words.
The puff of flame hits you!
You die...

##.## ###...## .#.....#####
......†....# .#.....###5#
...###[###.# .###.....#o# .#
#.....#.# #################
.#
#.._..#.####.@.............#
##
#.....#.5o...#######.#.###.#
###########..# #.#.# #.#
######## #..# #.#.###.###
#......# #..# #.#.##...##
#.####.# #..#### #.#.#......
##.## #.# #....> ...........
#...###.# #...# ###.#.#####
##.###.##.# #...# .....


You could see an orc wizard and a shadow imp.

Vanquished Creatures
  Crazy Yiuf (D:2)
  Natasha (thrice) (D:2)
  6 adders
  5 worms (D:2)
  A giant gecko (D:2)
  5 orcs (D:3)
  2 ball pythons
  3 bats (D:1)
  4 giant cockroaches
  4 goblins
  7 hobgoblins
  2 jackals (D:2)
  A giant newt (D:2)
  7 kobolds (D:1)
  9 rats
60 creatures vanquished.

Vanquished Creatures (collateral kills)
  An orc (D:3)
1 creature vanquished.

Vanquished Creatures (others)
  An ooze (D:3)
  A quokka (D:3)
2 creatures vanquished.

Grand Total: 63 creatures vanquished

Notes
Turn   | Place    | Note
--------------------------------------------------------------
     0 | D:1      | dohliylev the Gargoyle Venom Mage began the quest for the Orb.
     0 | D:1      | Reached XP level 1. HP: 10/10 MP: 3/3
   328 | D:1      | Reached XP level 2. HP: 15/15 MP: 3/5
  1022 | D:1      | Reached XP level 3. HP: 16/19 MP: 1/6
  1169 | D:2      | Noticed Natasha
  1266 | D:2      | Learned a level 3 spell: Mephitic Cloud
  1409 | D:2      | Killed Natasha
  1409 | D:2      | Reached XP level 4. HP: 17/24 MP: 0/7
  1435 | D:2      | Noticed Natasha
  1453 | D:2      | Killed Natasha
  1631 | D:2      | Found a faded altar to an unknown god.
  2010 | D:2      | Noticed Crazy Yiuf
  2098 | D:2      | Reached skill level 1 in Conjurations
  2348 | D:2      | Noticed Natasha
  2381 | D:2      | Killed Natasha
  2640 | D:2      | Learned a level 4 spell: Olgreb's Toxic Radiance
  2702 | D:2      | Killed Crazy Yiuf
  2702 | D:2      | Reached XP level 5. HP: 28/28 MP: 0/9
  2818 | D:2      | Found a shimmering altar of Xom.
  2819 | D:2      | Found a shimmering altar of Xom.
  3130 | D:3      | Found a snail-covered altar of Cheibriados.
  3262 | D:3      | Noticed an orc warrior
  3520 | D:3      | Killed from afar by an orc wizard

Action                   |  1- 3 |  4- 6 || total
-------------------------+-------+-------++-------
Melee: Unarmed           |    49 |    26 ||    75
 Cast: Sting             |    61 |    81 ||   142
       Mephitic Cloud    |     1 |     6 ||     7
       Olgreb's Toxic Ra |       |     5 ||     5
  Eat: Chunk             |     3 |     9 ||    12
